 Dungeon Crawl Stone Soup version 0.31-a0-986-g5e6e4ef867 (webtiles) character file.

Game seed: 51725668641419019

2997 timneilson the Ruffian (level 9, 0/62 HPs)
             Began as an Octopode Shapeshifter on Nov 15, 2023.
             Was an Initiate of Gozag.
             Succumbed to a killer bee's poison
             ... on level 7 of the Dungeon on Nov 16, 2023.
             The game lasted 00:14:20 (6225 turns).

timneilson the Ruffian (Octopode Shapeshifter)      Turns: 6225, Time: 00:14:21

Health: 0/62       AC:  1    Str: 17    XL:     9   Next: 84%
Magic:  9/9        EV: 24    Int: 13    God:    Gozag
Gold:   746        SH:  5    Dex: 11    Spells: 8/8 levels left

rFire   . .          .
                       - Unarmed
rCold   . . .        f - +1 buckler
rNeg    . . .        (helmet currently unavailable)
rPois   .            (no amulet)
rElec   .            h - +5 ring of evasion
rCorr   .            m - +5 ring of evasion
SInv    .            (no ring)
Will    .....        (no ring)
Stlth   ++++         (no ring)
HPRegen 0.30/turn    (no ring)
MPRegen 0.11/turn    (no ring)
                     (no ring)

%: no passive effects
@: lethally poisoned (0 -> -14), beast-form, gold aura
A: beast (slay +3), almost no armour, amphibious, 8 rings, camouflage 1,
gelatinous body 1, (nimble swimmer 1), tentacles
a: Begin Untransformation, Renounce Religion, Potion Petition, Call Merchant,
Bribe Branch


You were on level 7 of the Dungeon.
You worshipped Gozag.
Gozag was pleased with you.
You were a hulking beast.
You visited 2 branches of the dungeon, and saw 8 of its levels.

You collected 867 gold pieces.
You paid 121 gold pieces to Gozag.

Inventory:

Missiles
 t - a throwing net
Armour
 f - a +1 buckler (worn)
Jewellery
 h - a +5 ring of evasion (left tentacle)
 m - a +5 ring of evasion (right tentacle)
 r - a ring of wizardry
Talismans
 b - a beast talisman
 c - a flux talisman
Wands
 d - a wand of quicksilver (11)
 l - a wand of roots (2)
Scrolls
 i - 2 scrolls of immolation
 j - a scroll of revelation {unknown}
 u - 2 scrolls of enchant armour
Potions
 a - 2 potions of lignification
 e - 2 potions of brilliance
 g - 2 potions of cancellation
 k - 2 potions of mutation
 n - a potion of invisibility
 o - 3 potions of enlightenment
 s - 2 potions of attraction
 v - a potion of might {unknown}


   Skills:
 * Level 5.7 Fighting
 * Level 6.0 Dodging
 + Level 5.7 Stealth
 + Level 3.6 Shields
 * Level 6.6 Unarmed Combat
 + Level 3.6 Evocations
 * Level 5.9 Shapeshifting


You had 8 spell levels left.
You didn't know any spells.
Your spell library contained the following spells:

 Spells                   Type           Power      Damage    Failure   Level
 Necrotise                Necr           0%         1d4       36%         1
 Tukima's Dance           Hex            0%         N/A       75%         3
 Vampiric Draining        Necr           0%         2d6       75%         3
 Passage of Golubria      Tloc           0%         N/A       98%         4
 Agony                    Necr           0%         N/A       100%        5
 Yara's Violent Unravell  Hex/Tmut       0%         3d3       100%        5


Dungeon Overview and Level Annotations

Branches:
Dungeon (7/15)             Temple (1/1) D:5

Altars:
Ashenzari
Cheibriados
Dithmenos
Elyvilon
Fedhas
Gozag
Hepliaklqana
Kikubaaqudgha
Makhleb
Nemelex Xobeh
Okawaru
Qazlal
Ru
Sif Muna
Trog
Uskayaw
Vehumet
Wu Jian
Xom
Yredelemnul
Zin
The Shining One

Shops:
D:4 :


Innate Abilities, Weirdness & Mutations

You are a hulking beast.
Your limbs bulge with bestial killing power. (Slay +3)
You cannot wear most types of armour.
You are amphibious.
You can wear up to eight rings at the same time.
Your skin changes colour to match your surroundings (Stealth+).
Your rubbery body absorbs attacks. (AC +1, EV +1)
((You are camouflaged when in or above water. (Stealth+)))
You have tentacles for arms and can constrict up to eight enemies at once.


Message History

The killer bee poisons you! The killer bee completely misses you.
You tentacle-slap the killer bee. You grab the killer bee.
The killer bee is lightly wounded.
You constrict the killer bee.
You feel sick. The killer bee stings you.
You are more poisoned.
The killer bee poisons you!
You release your grip on the killer bee.
You feel very sick.
The killer bee attacks as it pursues you!
You block the killer bee's attack. The killer bee stings you!
You are more poisoned.
The killer bee poisons you!
You feel very sick. The killer bee completely misses you.
You feel very sick.
The killer bee attacks as it pursues you!
You block the killer bee's attack. The killer bee closely misses you.
You feel very sick. The killer bee barely misses you.
The killer bee completely misses you.
You feel sick.
The killer bee attacks as it pursues you!
The killer bee misses you.
The gnoll is distracted by your dazzling golden aura.
You feel sick.
The killer bee attacks as it pursues you!
The killer bee misses you.
The killer bee completely misses you. x3
You feel sick. The killer bee stings you!
* * * LOW HITPOINT WARNING * * *
The killer bee attacks as it pursues you!
The killer bee misses you. x2
The killer bee is distracted by your dazzling golden aura.
The killer bee buzzes angrily.
You feel sick.
The gnoll shouts!
The killer bee stings you!
* * * LOW HITPOINT WARNING * * *
You are more poisoned.
The killer bee poisons you! You block the killer bee's attack.
You die...
Your body crumbles into a pile of gold.

# #. ##.# ### .### #.### ###...#
.... ...# #...# ##.. #.###.### #
....#####.....## #####
......$........## #<...
......###..#..yy#######.......###
........g...y.y.........####### #
..#..#...######.h################
.##....#.######.<.(..............
.##....#...........########..####
#...............#.....#####.## #.
......#.........###.........####.
##... ##........# #............)
#.# #........# .##.........) #
#..........# ###.......))#
#.....>...## #.........#


You could see 4 killer bees.

Vanquished Creatures
  Pikel (D:5)
  Grinder (D:5)
  3 yaks (D:5)
  A water moccasin (D:7)
  A black bear (D:6)
  A sky beast (D:6)
  An ice beast (D:6)
  A centaur (D:6)
  2 phantoms (D:5)
  2 kobold brigands (D:6)
  3 lemures (D:4)
  Blork the orc (D:5)
  2 scorpions
  5 killer bees
  2 jellies (D:5)
  4 hounds
  2 orc priests
  6 iguanas
  4 orc wizards
  8 gnolls
  8 adders
  2 white imps (D:6)
  2 ufetubi (D:6)
  2 worms (D:3)
  2 dart slugs
  17 orcs
  7 endoplasms
  4 giant cockroaches
  7 goblins
  12 hobgoblins
  3 jackals (D:2)
  5 quokkas
  4 ball pythons
  4 bats
  6 frilled lizards
  14 kobolds
  4 rats
154 creatures vanquished.

Notes
Turn   | Place    | Note
-------+----------+-------------------------------------------
     0 | D:1      | timneilson the Octopode Shapeshifter began the quest for
                  | the Orb.
     0 | D:1      | Reached XP level 1. HP: 13/13 MP: 1/1
   314 | D:1      | Reached XP level 2. HP: 18/18 MP: 2/2
   634 | D:2      | Found a faded altar of an unknown god.
   709 | D:2      | Reached skill level 1 in Stealth
   709 | D:2      | Reached XP level 3. HP: 20/23 MP: 3/3
   735 | D:2      | Reached XP level 4. HP: 29/29 MP: 4/4
  1410 | D:2      | Reached XP level 5. HP: 34/34 MP: 5/5
  1503 | D:2      | Reached skill level 1 in Shields
  2115 | D:4      | Found Bapu's Book Shoppe.
  2173 | D:4      | Reached XP level 6. HP: 41/41 MP: 6/6
  2505 | D:4      | Found a blossoming altar of Fedhas.
  2626 | D:5      | Entered Level 5 of the Dungeon
  2639 | D:5      | Found a staircase to the Ecumenical Temple.
  2671 | Temple   | Entered the Ecumenical Temple
  2682 | Temple   | Became a worshipper of Gozag Ym Sagoz the Greedy
  2718 | D:5      | Noticed a yak
  2758 | D:5      | Noticed Pikel
  2772 | D:5      | Reached skill level 1 in Evocations
  3071 | D:5      | Reached XP level 7. HP: 46/46 MP: 7/7
  3203 | D:5      | Killed Pikel
  3204 | D:5      | Reached skill level 5 in Unarmed Combat
  3204 | D:5      | Reached XP level 8. HP: 21/54 MP: 8/8
  3364 | D:5      | Noticed a yak
  3364 | D:5      | Noticed a yak
  3456 | D:5      | Noticed Blork the orc
  3465 | D:5      | Killed Blork the orc
  3844 | D:5      | Killed a yak
  3845 | D:5      | Reached skill level 5 in Shapeshifting
  3846 | D:5      | Killed a yak
  3853 | D:5      | Killed a yak
  3854 | D:5      | Reached skill level 5 in Dodging
  3854 | D:5      | Reached XP level 9. HP: 14/59 MP: 9/9
  4060 | D:5      | Noticed Grinder
  4068 | D:5      | Paralysed by Grinder for 3 turns
  4098 | D:5      | Killed Grinder
  4099 | D:5      | Reached skill level 5 in Fighting
  4263 | D:5      | Reached skill level 5 in Stealth
  6081 | D:7      | Found the +7 staff of the Meek {protect, meekguard}
  6225 | D:7      | Succumbed to a killer bee's poison

Illustrated notes

Levels and vault maps discovered:
D:1:      dpeg_arrival_round_c, layout_basic
D:2:      minmay_angry_zag, layout_basic, nicolae_ecumenical_pavilion
D:3:      layout_basic
D:4:      layout_rooms, fedhas_altar_fruit_tree, serial_shops, shop_coins,
          minmay_bisected
D:5:      layout_cave_pods, minmay_temple_entry_ruins, uniq_pikel,
          uniq_blork_the_orc, uniq_grinder
D:6:      layout_basic
D:7:      layout_rooms, serial_shops, nicolae_shop_window_shopping, uniq_duvessa
Temple:   compressed_dpeg_circular_temple

Skill      XL: |  1  2  3  4  5  6  7  8  9 |
---------------+----------------------------+-----
Stealth        | 1 2 3 4 5 |  5.7
Fighting       | 2 3 4 5 |  5.7
Shields        | 1 2 3 |  3.6
Unarmed Combat | 4 5 6 |  6.6
Dodging        | 3 4 5 6 |  6.0
Evocations     | 1 2 3 |  3.6
Shapeshifting  | 4 5 |  5.9

Action                     |  1- 3 |  4- 6 |  7- 9 || total
---------------------------+-------+-------+-------++-------
  Melee: Unarmed           |    37 |   189 |   195 ||   421
         Constrict         |     9 |    50 |    40 ||    99
         Tentacles         |     5 |    45 |    42 ||    92
         Punch             |     2 |     4 |    14 ||    20
  Evoke: Wand              |       |       |     2 ||     2
    Use: Scroll            |     2 |    10 |     7 ||    19
         Potion            |       |       |     6 ||     6
   Stab: Sleeping          |     3 |     7 |     5 ||    15
         Distracted        |       |     1 |       ||     1
 Armour: Skin              |     7 |    35 |    53 ||    95
  Dodge: Dodged            |    23 |   156 |   157 ||   336
  Block: Buckler           |     3 |    28 |    37 ||    68

Table legend: (Time is in decaauts)
 A = Elapsed time spent in this place.
 B = Non-inter-level travel time spent in this place.
 C = Inter-level travel time spent in this place.
 D = Time resting spent in this place.
 E = Time spent auto-exploring this place.
 F = Levels seen in this place.
 G = Mean time per level.
                   A        B        C        D        E       F      G
               +--------+--------+--------+--------+--------+-----+--------+
         Total |   6211 |   6074 |    137 |    890 |   3545 |   8 |  776.4 |
       Dungeon |   6188 |   6061 |    127 |    890 |   3545 |   7 |  884.0 |
        Temple |     22 |     12 |     10 |      0 |      0 |   1 |   22.0 |
               +--------+--------+--------+--------+--------+-----+--------+

Top non-repeatable levels by time:
     D:5: 1796 daAuts
     D:6: 1397 daAuts
     D:2: 988 daAuts
     D:4: 719 daAuts
     D:1: 633 daAuts
     D:3: 486 daAuts
     D:7: 167 daAuts
  Temple: 22 daAuts
